[Event "*** Biggest EVER Titled Tuesday"]
[Site "Chess.com"]
[Date "2018.04.17"]
[Round "1"]
[White "ViktorMatviishen"]
[Black "SidArun"]
[Result "1-0"]
[WhiteElo "2522"]
[BlackElo "2153"]
[TimeControl "180+2"]
[EndTime "13:09:52 PDT"]
[Termination "ViktorMatviishen won by resignation"]

1. d4 Nf6 2. c4 c5 3. Nf3 e6 4. d5 exd5 5. cxd5 d6 6. Nc3 g6 7. e4 Bg7 8. Be2 O-O 9. O-O Re8 10. Nd2 Na6 11. f4 Nc7 12. a4 Rb8 13. Bf3 a6 14.
a5 Nb5 15. Nxb5 axb5 16. Qb3 Bd7 17. a6 bxa6 18. Rxa6 Rb6 19. Qa2 Ng4 20. Bxg4 Bxg4 21. h3 Rxa6 22. Qxa6 Be2 23. Re1 Bd3 24. b3 Bc3 25. Kh2 f5 26. e5 dxe5 27. Qc6 Bd4 28. Nf3 Be4 29. Nxe5 Bxd5 30. Qxb5 Bxe5 31. fxe5 Re7 32.
Bg5 Rb7 33. Qd3 Qd7 34. Rd1 h6 35. Qxd5+ Qxd5 36. Rxd5 hxg5 37. Rxc5 Rxb3 38. Rc6 Kf7 39. Rf6+ Kg7 40. Rc6 Re3 41. Rc5 Kf7 42. Kg1 Ke6 43. Rc6+ Kxe5 44. Rxg6 Kf4 45. Kf2 Ra3 46. Rb6 Ra2+ 47. Kf1 g4 48. Rb3 g3 49. Rf3+ Ke4 50.
Rxg3 Ra1+ 51. Kf2 f4 52. Rb3 Ra2+ 53. Kg1 Re2 54. Kh2 Rf2 55. h4 Rc2 56. Kh3 Rc1 57. Kg4 Rg1 58. Rb4+ Ke3 59. Rxf4 Rxg2+ 60. Kf5 Rh2 61.
Ra4 Kf3 62. Ra3+ 1-0

[Event "*** Biggest EVER Titled Tuesday"]
[Site "Chess.com"]
[Date "2018.04.17"]
[Round "1"]
[White "MartinMatthiesen"]
[Black "MITerryble"]
[Result "0-1"]
[WhiteElo "2329"]
[BlackElo "2649"]
[TimeControl "180+2"]
[EndTime "13:09:53 PDT"]
[Termination "MITerryble won by resignation"]

1. d4 e6 2. c4 Bb4+ 3. Bd2 Qe7 4.
Nf3 Nf6 5. Nc3 O-O 6. g3 Bxc3 7.
Bxc3 Ne4 8. Qc2 Nxc3 9. Qxc3 d6 10. Bg2 Nd7 11. O-O e5 12. e4 a5 13. Rfe1 Re8 14.
Rad1 b6 15. b3 Bb7 16. d5 Bc8 17. Rf1 Nc5 18. Ne1 f5 19. exf5 Bxf5 20. a3 Rf8 21.
b4 axb4 22. axb4 Nd7 23. Nc2 Bxc2 24. Qxc2 Nf6 25. c5 bxc5 26. bxc5 Ra5 27. cxd6 cxd6 28.
Ra1 Rc5 29. Qb3 Kh8 30. Ra6 h5 31. Rc6 Rc8 32. Qb6 e4 33. Rxd6 Nxd5 34. Qa6 Nb4 35. Qb6 Nd5 36. Qa6 Nf6 37. h3 e3 38. fxe3 Qxe3+ 39. Kh2 Rc3 40. Rf3 Qe5 41. Re6 Qg5 42.
Rexf6 gxf6 43. Qxf6+ Qxf6 44. Rxf6 Kg7 45. Rf5 Kh6 46.
h4 Rc2 47. Kh3 Kg6 48. Rg5+ Kf6 49. Rxh5 Rb2 50. Rh6+ Kg7 51. Ra6 Rc3 52. Be4 Rb4 53. Re6 Kf7 54. Bd5 Kg7 55. h5 Rc5 56. h6+ Kh7 57.
Ba2 Rh5+ 58. Kg2 Rb2+ 59. Kf3 Rxa2 0-1

[Event "*** Biggest EVER Titled Tuesday"]
[Site "Chess.com"]
[Date "2018.04.17"]
[Round "1"]
[White "TheCount"]
[Black "ToivoK3"]
[Result "1/2-1/2"]
[WhiteElo "2538"]
[BlackElo "2210"]
[TimeControl "180+2"]
[EndTime "13:09:57 PDT"]
[Termination "Game drawn by repetition"]

1. d4 d5 2. c4 e6 3. Nc3 Be7 4. Bf4 Nf6 5. e3 O-O 6. a3 c5 7. dxc5 Bxc5 8. Nf3 Nc6 9. Qc2 Re8 10. Rd1 e5 11. Bg5 d4 12. Ne4 Be7 13. Bxf6 Bxf6 14. Bd3 g6 15. exd4 exd4 16. h3 Bf5 17. O-O Bxe4 18. Bxe4 Qc7 19. Bd5 Ne7 20. Be4 Rad8 21. Rfe1 Nc8 22. Bd5 Rxe1+ 23. Rxe1 Nb6 24. Qb3 Nxd5 25.
cxd5 Qd7 26. d6 b6 27. Qd5 Qxd6 28. Qxd6 Rxd6 29. Rd1 d3 30. Rd2 Kg7 31. Kf1 b5 32.
Ke1 g5 33. Kd1 Kg6 34. Ne1 h5 35. Nxd3 Kg7 36. Kc2 g4 37. hxg4 hxg4 38. Re2 Bd4 39. Re4 f5 40. Re7+ Kf6 41. Re8 Bb6 42. f3 gxf3 43.
gxf3 Re6 44. Rf8+ Kg5 45. Rg8+ Kf6 46. f4 Re3 47. Rf8+ Ke6 48. Re8+ Kf6 49. Rf8+ Ke6 50.
b3 Rg3 51. a4 bxa4 52. bxa4 Bd4 53. Re8+ Kd5 54. Rd8+ Kc4 55. Rc8+ Kd5 56. Rd8+ Kc4 57. Rc8+ Kd5 58. Rd8+ 1/2-1/2

[Event "*** Biggest EVER Titled Tuesday"]
[Site "Chess.com"]
[Date "2018.04.17"]
[Round "1"]
[White "IMVoja"]
[Black "Rakhmanov_Aleksandr"]
[Result "0-1"]
[WhiteElo "2302"]
[BlackElo "2630"]
[TimeControl "180+2"]
[EndTime "13:09:58 PDT"]
[Termination "Rakhmanov_Aleksandr won on time"]

1. Nf3 Nf6 2. d4 g6 3. Bf4 Bg7 4. e3 O-O 5. h3 d6 6. Bc4 Nc6 7. c3 Qe8 8. O-O e5 9. dxe5 Nxe5 10. Nxe5 dxe5 11. Bh2 Bd7 12. Nd2 Bc6 13. Qe2 a5 14. Nf3 Ne4 15. Rfd1 a4 16. a3 Nc5 17. Bd5 e4 18.
Bxc6 Qxc6 19. Nd4 Qb6 20. Qb5 Nd3 21. Qxb6 cxb6 22. Rd2 Rac8 23. Rad1 f5 24. Ne6 Rfe8 25. Nc7 Rf8 26. Nd5 Rc5 27. Nxb6 Rb5 28. Nxa4 Ra8 29. c4 Rb3 30. Nc3 Bxc3 31. bxc3 Raxa3 32. Bd6 Ra6 33. Bb4 h5 34. c5 h4 35. g4 Kf7 36. Kf1 Rf6 37. g5 Ra6 38. Ke2 Ke6 39. f3 Kd5 40. fxe4+ fxe4 41. Rf1 Rb2 42. Rxb2 Nxb2 43. Rf6 Nd3 44.
Rf7 Ra2+ 45. Kd1 Rh2 46. Rd7+ Kc6 47. Rd6+ Kb5 48. Rxg6 Rxh3 49. Ke2 Rh2+ 50. Kf1 h3 51.
Rh6 Rh1+ 52. Ke2 h2 53. Rb6+ Kc4 54. c6 Re1+ 55. Kd2 h1=Q 0-1

[Event "*** Biggest EVER Titled Tuesday"]
[Site "Chess.com"]
[Date "2018.04.17"]
[Round "1"]
[White "ahmadzada13"]
[Black "patzerplay"]
[Result "0-1"]
[WhiteElo "2593"]
[BlackElo "2296"]
[TimeControl "180+2"]
[EndTime "13:09:58 PDT"]
[Termination "patzerplay won by resignation"]

1. e4 c5 2. Nf3 d6 3. d4 cxd4 4.
Nxd4 Nf6 5. Nc3 a6 6. Bc4 e6 7. Bb3 Nc6 8. O-O Na5 9. Be3 Nxb3 10. axb3 Be7 11. f4 O-O 12. Qf3 Qc7 13. g4 e5 14.
Nf5 Bxf5 15. gxf5 Kh8 16. Kh1 Qc6 17. fxe5 dxe5 18. Bg5 b5 19. Rf2 b4 20. Bxf6 Bxf6 21. Nd5 a5 22. Rg1 Rg8 23. Rfg2 Rac8 24. Qh5 Rcf8 25. Rg3 g6 26. Qh6 Bg7 27. Qh4 gxf5 28. R1g2 Re8 29. Ne7 Rxe7 30. Qxe7 Qxe4 31. Qxf7 Qe1+ 32.
Rg1 Qe4+ 33. R3g2 f4 34. Rf1 Qc6 35. h3 Qf6 36. Qxf6 Bxf6 37. Rxg8+ Kxg8 38. Kg2 Kf7 39. Kf3 Ke6 40. Ke4 h5 41. Rd1 Kf7 42. Rd5 Kg6 43.
Rxa5 Kg5 44. Ra8 Kh4 45. Rg8 Kxh3 46. c4 Be7 47. Rg7 Bc5 48. Kxe5 f3 49. Rf7 f2 50.
Kd5 Be3 51. c5 Kg2 52. c6 Bb6 53. Ke5 f1=Q 54. Rxf1 Kxf1 55. Kf5 Ke2 56. Kg5 Kd3 57. Kxh5 Kc2 58. Kg6 Kxb3 59. Kf5 Kxb2 60. Ke6 b3 61.
Kd7 Kc2 62. Kc8 b2 63. Kb7 b1=Q 0-1

[Event "*** Biggest EVER Titled Tuesday"]
[Site "Chess.com"]
[Date "2018.04.17"]
[Round "1"]
[White "jacky72"]
[Black "Denis0027"]
[Result "0-1"]
[WhiteElo "2637"]
[BlackElo "2569"]
[TimeControl "180+2"]
[EndTime "13:10:01 PDT"]
[Termination "Denis0027 won on time"]

1. d4 d6 2. Nf3 g6 3. e4 Bg7 4. Be2 Nf6 5. Nc3 O-O 6. O-O b6 7. Re1 c5 8. dxc5 dxc5 9. e5 Ng4 10. Bf4 Nc6 11. Bb5 Bb7 12. h3 Nh6 13. e6 fxe6 14. Bh2 Nd4 15. Ng5 Nhf5 16. Bc4 Bd5 17. Nxe6 Bxe6 18. Bxe6+ Nxe6 19. Rxe6 Qxd1+ 20. Rxd1 Rad8 21. Ree1 Nd4 22. Rxe7 Rf7 23. Rxf7 Kxf7 24. Kf1 Re8 25. Rd2 Bh6 26. f4 g5 27. Ne2 Nxe2 28. Rxe2 Rxe2 29. Kxe2 gxf4 30. Kf3 Ke6 31. Bxf4 Bg7 32. b3 b5 33. c4 bxc4 34. bxc4 a6 35. g4 Bc3 36.
Ke4 Bf6 37. g5 Be7 38. h4 Bf8 39. h5 Be7 40. g6 hxg6 41. hxg6 Bf6 42. Be3 Be7 43. g7 Kf7 44. Kd5 Kxg7 45. Bxc5 Bd8 46. Kd6 Kf7 47. Kd7 Bh4 48. Bd6 Bf2 49. a4 Bb6 50. c5 Bxc5 51. Bxc5 Kf6 52. a5 Ke5 53.
Kc6 Ke6 54. Kb7 Kd7 0-1

[Event "*** Biggest EVER Titled Tuesday"]
[Site "Chess.com"]
[Date "2018.04.17"]
[Round "1"]
[White "KNVB"]
[Black "Godzillator"]
[Result "0-1"]
[WhiteElo "2578"]
[BlackElo "2281"]
[TimeControl "180+2"]
[EndTime "13:10:15 PDT"]
[Termination "Godzillator won by resignation"]

1. d4 d5 2. Bf4 c5 3. e3 cxd4 4. exd4 Nc6 5. c3 Nf6 6. Nf3 Bg4 7. Nbd2 e6 8. Qb3 Qc8 9. h3 Bh5 10. Bd3 Be7 11. O-O O-O 12. Rfe1 a6 13. a4 Bg6 14.
Bf1 Na5 15. Qd1 Ne4 16. Ne5 Nxd2 17. Nxg6 hxg6 18. Bxd2 Nc4 19. Bc1 b5 20. axb5 axb5 21. Rxa8 Qxa8 22. b3 Nd6 23. Bd2 Rc8 24. f3 Qa2 25. Bd3 Ra8 26. Re2 Qa1 27. Qxa1 Rxa1+ 28. Kf2 Ra3 29. Bc2 Ra2 30. Bf4 Rb2 31. Bc1 Ra2 32. Bd3 Ra1 33. Bf4 Ra3 34. Rb2 b4 35. cxb4 Nf5 36.
Bxf5 gxf5 37. b5 Ra5 38. b6 Rb5 39. Bc7 Bf6 40. Ke3 Kf8 41. b4 Ke8 42. Kd3 Kd7 43.
Kc3 Bd8 44. Ra2 Bxc7 45. bxc7 Kxc7 46. Ra7+ Rb7 47. Ra8 Kd6 48. g4 fxg4 49. hxg4 Rc7+ 50. Kd3 Rc1 51. Ra3 g5 52. Ra6+ Ke7 53. Ra7+ Kf6 54. Ra3 Ke7 55. Rc3 Rb1 56. Rc7+ Kd6 57. Rxf7 Rxb4 58.
Rg7 Rb3+ 59. Ke2 Rb2+ 60. Ke3 Rb3+ 61. Kf2 Rd3 62. Rxg5 Rxd4 63. Rg8 Rf4 64. Ke3 e5 65. Rg6+ Ke7 66. Rg5 Kf6 67. Rh5 d4+ 68. Ke2 Ke6 69. Rh3 Kd5 70. g5 Rf8 71. g6 Rg8 72. Rg3 Ke6 73.
Kd3 Kf6 74. f4 exf4 75. Rf3 Kf5 76. Ke2 Rxg6 77. Rh3 Rg2+ 78. Kf3 Rg3+ 79. Rxg3 fxg3 80. Kxg3 Ke4 81. Kf2 Kd3 0-1

[Event "*** Biggest EVER Titled Tuesday"]
[Site "Chess.com"]
[Date "2018.04.17"]
[Round "1"]
[White "ENEASZ"]
[Black "Grootneus"]
[Result "1-0"]
[WhiteElo "2484"]
[BlackElo "2101"]
[TimeControl "180+2"]
[EndTime "13:10:20 PDT"]
[Termination "ENEASZ won by resignation"]

1. e4 c5 2. c3 Nf6 3. e5 Nd5 4. d4 cxd4 5. Nf3 d6 6. cxd4 Nc6 7.
Bc4 e6 8. O-O Be7 9. a3 O-O 10.
Qe2 b6 11. Rd1 Bb7 12. Bd3 Rc8 13. Qe4 g6 14. Bh6 Re8 15. Nbd2 Na5 16. Qg4 dxe5 17. Nxe5 Nf6 18. Qf4 Nc6 19. Ndf3 Bd6 20. Bg5 Be7 21. Bb5 a6 22. Nxc6 Bxc6 23. Bxa6 Ra8 24. Be2 Nd5 25. Qh4 Bxg5 26. Nxg5 h5 27. Rac1 Rc8 28. Bxh5 gxh5 29.
Qxh5 Qf6 30. Qh7+ Kf8 31. Ne4 Qg6 32. Qxg6 fxg6 33. Nd6 Nf4 34. Rd2 Red8 35. Nxc8 Rxc8 36. Rdc2 Rd8 37. Rxc6 Ne2+ 38. Kf1 Nxc1 39. Rxc1 Rxd4 40. Ke2 Ke7 41. Rc3 Rd5 42. Rd3 Rb5 43. b4 Kf6 44. f4 Kf5 45. Kf3 g5 46. g4+ Kf6 47. Rd6 gxf4 48.
Kxf4 Re5 49. Rxb6 Re2 50. h4 Ra2 51. Ra6 Rf2+ 52. Kg3 Ra2 53. b5 Kf7 54. g5 e5 55.
h5 Rb2 56. a4 Rb1 57. h6 Rg1+ 58. Kf3 Rxg5 59. Ke4 Rh5 60. h7 Ke8 61. h8=Q+ Rxh8 62. Ra8+ Kd7 63. Rxh8 1-0

[Event "*** Biggest EVER Titled Tuesday"]
[Site "Chess.com"]
[Date "2018.04.17"]
[Round "1"]
[White "KRASAVCHIK2002"]
[Black "Didici"]
[Result "0-1"]
[WhiteElo "1984"]
[BlackElo "2449"]
[TimeControl "180+2"]
[EndTime "13:10:24 PDT"]
[Termination "Didici won by resignation"]

1. e4 e5 2. Nf3 Nc6 3. Bb5 a6 4. Ba4 Nf6 5. O-O b5 6. Bb3 Bb7 7. a4 Nxe4 8. Re1 Nc5 9. axb5 axb5 10. Rxa8 Bxa8 11. Nxe5 Nxe5 12. Rxe5+ Be7 13. Ba2 d6 14. Re1 O-O 15. d4 Ne4 16. Nc3 Nxc3 17. bxc3 Bg5 18.
Qg4 Bxc1 19. Rxc1 Qe7 20. Bb3 g6 21. Ra1 Bc6 22. h3 Kg7 23. Qf4 g5 24. Qe3 Qxe3 25.
fxe3 Ra8 26. Rxa8 Bxa8 27. g3 Be4 28. Kf2 d5 29. Ba2 c6 30. Bb3 Kg6 31. Kg1 h5 32.
Kf1 h4 33. Kf2 hxg3+ 34. Kxg3 Kh5 35. Ba2 Bxc2 36. e4 Bxe4 37. Bb3 f5 38. Bd1+ Kg6 39. Kh2 f4 40. Kg1 Kf6 41. Kh2 Ke7 42. Be2 Kd6 43.
h4 gxh4 44. Kh3 Kc7 45. Kxh4 f3 46. Bf1 Kb6 47. Kg3 c5 48. dxc5+ Kxc5 49. Kf2 b4 50. cxb4+ Kxb4 51. Ke3 Kc3 52. Bb5 Kc2 53. Ba4+ Kc1 54. Bb3 Kb2 55. Ba4 Kc3 56. Bb5 Kb4 57. Bf1 Kc5 58.
Ba6 Kd6 59. Bf1 Ke5 60. Kf2 d4 61. Bc4 Kf4 62. Bf1 d3 63. Ke1 Ke3 64. Be2 f2+ 0-1

[Event "*** Biggest EVER Titled Tuesday"]
[Site "Chess.com"]
[Date "2018.04.17"]
[Round "1"]
[White "alturas_pacificas"]
[Black "Fins0905"]
[Result "1/2-1/2"]
[WhiteElo "2194"]
[BlackElo "2530"]
[TimeControl "180+2"]
[EndTime "13:10:26 PDT"]
[Termination "Game drawn by repetition"]

1. d4 d5 2. Bf4 c5 3. e3 Nc6 4. c3 Nf6 5. Nd2 cxd4 6. exd4 Bf5 7. Qb3 Qc8 8. Ngf3 e6 9. Nh4 Be4 10. Nxe4 Nxe4 11. Nf3 Bd6 12. Bxd6 Nxd6 13. Bd3 O-O 14. O-O b5 15. Rae1 Rb8 16. Ne5 Nc4 17. Bxc4 bxc4 18. Qc2 Ne7 19. f4 Nf5 20. g4 Nd6 21. Qg2 Ne4 22.
g5 Rb7 23. h4 Kh8 24. h5 Qb8 25. Re2 Nd6 26. g6 f6 27. Nf7+ Nxf7 28. gxf7 Rfxf7 29.
Rxe6 Rf8 30. Rf2 Rb6 31. Rxb6 Qxb6 32. Qg4 Qc7 33. Qe6 Qd8 34. Re2 h6 35. Qe7 Qb8 36. Kg2 Rg8 37. Qe3 Qb7 38. Kf3 Qf7 39. Kg4 f5+ 40.
Kh4 Qf6+ 41. Kh3 Qf7 42. Kh4 g5+ 43. fxg5 hxg5+ 44. Kh3 Qxh5+ 45. Kg2 Qg4+ 46. Kf1 Qf4+ 47. Qxf4 gxf4 48. Rf2 Rg4 49. Ke2 Kg7 50. Kf3 Kf6 51. Re2 Kg5 52. Re5 Rg3+ 53. Kf2 Rd3 54. Rxd5 Rd2+ 55.
Kf3 Rxb2 56. Rc5 Rxa2 57. Rxc4 Ra1 58. Rc7 Rf1+ 59. Ke2 Ra1 60. Kf3 Rf1+ 61. Ke2 Rc1 62. Kf3 a5 63. Rg7+ Kf6 64. Ra7 Kg5 65. Rg7+ Kf6 66.
Ra7 Kg5 67. Rg7+ 1/2-1/2

[Event "*** Biggest EVER Titled Tuesday"]
[Site "Chess.com"]
[Date "2018.04.17"]
[Round "1"]
[White "nubair1198"]
[Black "nailbeshirli"]
[Result "0-1"]
[WhiteElo "2542"]
[BlackElo "2255"]
[TimeControl "180+2"]
[EndTime "13:10:31 PDT"]
[Termination "nailbeshirli won by resignation"]

1. d3 c5 2. Nf3 Nc6 3. g3 g6 4. Bg2 Bg7 5. O-O d6 6. c4 Nf6 7. Nc3 O-O 8. Rb1 Rb8 9. a3 a6 10. b4 cxb4 11. axb4 b5 12. cxb5 axb5 13. Bd2 Bd7 14.
h3 e6 15. Qb3 Qe7 16. Ra1 Rfc8 17. Ra6 d5 18. Rb1 Ne8 19. Bg5 Qxb4 20. Bd2 Qxb3 21.
Rxb3 b4 22. Na2 Nc7 23. Rxc6 Bxc6 24. Nxb4 Ba4 25. Ra3 Be8 26. Ra7 Nb5 27. Ra5 Nc3 28. Na6 Rb2 29. e3 Nb1 30. Be1 Ra8 31. d4 Rb5 32. Rxb5 Bxb5 33. Nc7 Rb8 34. Ne5 Bxe5 35. dxe5 Bd3 36. f4 Rc8 37. Ba5 Na3 38. Bb4 Nc4 39. Bd6 Nxe3 40. Kf2 Nc4 41. Nb5 Nxe5 42. Bxe5 Bxb5 43.
g4 Rc2+ 44. Kg3 Bd3 45. Bf3 Be4 46. Bd1 Rd2 47. Ba4 h6 48. h4 Rd3+ 49. Kf2 Rf3+ 50. Ke2 Ra3 51. Be8 Bf3+ 52. Kd2 Bxg4 53. Bb5 Bf5 54.
Be2 Rh3 55. Bf6 Ra3 56. Be7 Ra2+ 57. Ke3 d4+ 58. Kf3 Bg4+ 59. Kxg4 Rxe2 60. Kf3 d3 61.
Bb4 f5 62. Bc3 Kf7 63. Bd4 Re4 64. Be3 g5 65. hxg5 hxg5 66. fxg5 Kg6 67. Bd2 e5 68. Bc1 Re2 69. Ba3 e4+ 70. Kf4 d2 0-1

[Event "*** Biggest EVER Titled Tuesday"]
[Site "Chess.com"]
[Date "2018.04.17"]
[Round "1"]
[White "krzyzan94"]
[Black "Slovak_fighter2000"]
[Result "1-0"]
[WhiteElo "2589"]
[BlackElo "2252"]
[TimeControl "180+2"]
[EndTime "13:10:54 PDT"]
[Termination "krzyzan94 won by resignation"]

1. e4 e6 2. d4 d5 3. Bd3 dxe4 4. Bxe4 Nf6 5. Bf3 c5 6. Ne2 Nc6 7. Be3 e5 8. Bxc6+ bxc6 9. dxe5 Qxd1+ 10. Kxd1 Ng4 11.
Nbc3 Nxe5 12. Kc1 Be7 13. Ne4 c4 14. Bf4 f6 15. Bxe5 fxe5 16. f3 O-O 17. N2c3 Bf5 18.
b3 cxb3 19. axb3 a5 20. Kb2 Bb4 21. Rhd1 Rfd8 22. Rxd8+ Rxd8 23. Rd1 Rxd1 24. Nxd1 Kf7 25. c3 Be7 26. Ne3 Be6 27. Nd2 Bg5 28. Ndc4 Bxe3 29. Nxe3 Ke7 30. Ka3 Kd6 31. Ka4 Kc5 32. Nc2 Kb6 33. Ne1 Bf5 34. g3 c5 35. Ng2 Bd7+ 36. Ka3 Bc6 37. Ne3 Bxf3 38. Nc4+ Kb5 39. Nxe5 Be4 40. Nc4 Bd5 41. Ne3 Be6 42. c4+ Kb6 43. Nd1 Bg4 44. Ne3 Bf3 45. Nf5 g6 46. Ng7 Bg4 47. Ne8 Bf5 48. Nf6 h5 49. Nd5+ Ka6 50. Kb2 Kb7 51. Ka3 Ka6 52. Nf4 Be4 53. h4 Kb6 54. Kb2 Bf5 55. Kc3 Kc6 56. Nd5 Be4 57.
Nf6 Bf5 58. Nh7 Kd6 59. Ng5 Bd7 60. Ne4+ Kc6 61. Kd2 Bf5 62. Nc3 Kb6 63. Kd1 Kc6 64. Na4 Bg4+ 65. Kd2 Bf5 66. Nb2 Kb6 67. Nd1 Kc6 68. Ne3 Be4 69. Ke2 Kb6 70. Nf1 Bc2 71.
Nd2 a4 72. bxa4 Bxa4 73. Kd3 Bd1 74. Ke4 Bg4 75. Kd5 Bf5 76. Nb3 Kc7 77. Nxc5 Bc2 78.
Ne6+ Kd7 79. Nf4 Kc7 80. c5 Bf5 81. Ne2 Bg4 82. Nd4 Bd7 83. Ke5 Be8 84. Kf6 Kd7 85.
c6+ Kd6 86. Kg7 Ke5 87. c7 Bd7 88. Ne2 Kf5 89. Kf7 g5 90. Ke7 Bc8 91. Kd8 Ba6 92. Nd4+ Kg4 93. hxg5 Kxg5 94. Ne6+ Kg4 95. Nc5 1-0

[Event "*** Biggest EVER Titled Tuesday"]
[Site "Chess.com"]
[Date "2018.04.17"]
[Round "1"]
[White "Wraku89"]
[Black "TBergh98"]
[Result "1-0"]
[WhiteElo "2565"]
[BlackElo "2225"]
[TimeControl "180+2"]
[EndTime "13:11:02 PDT"]
[Termination "Wraku89 won by resignation"]

1. e4 e5 2. Nf3 Nc6 3. Nc3 Nf6 4.
a3 a5 5. d4 exd4 6. Nxd4 Bc5 7. Be3 Nxd4 8. Bxd4 Bxd4 9. Qxd4 d6 10. Bc4 Qe7 11. O-O O-O 12. f4 Be6 13. Rae1 Nd7 14. Nd5 Bxd5 15. Bxd5 c6 16. Ba2 Rae8 17. Re3 Qf6 18.
e5 Qe7 19. Rd1 d5 20. c4 Nf6 21. Rdd3 Ng4 22. Rg3 Qh4 23. h3 Nh6 24. Qf2 Kh8 25.
cxd5 cxd5 26. Bxd5 Nf5 27. Rg5 Qxf2+ 28. Kxf2 g6 29.
Bxb7 Rb8 30. Rd7 Rfd8 31. Rxd8+ Rxd8 32. Be4 Ne7 33. Ke3 Rb8 34. f5 gxf5 35. Bxf5 Rxb2 36.
Be4 Rb3+ 37. Kd4 Rxa3 38. Rg4 Ra4+ 39. Kc5 Ra1 40. Rf4 Kg7 41. Bc2 Rc1 42. Rc4 Ng6 43.
Kb5 a4 44. Kxa4 Nxe5 45. Rc7 Ra1+ 46. Kb3 Rg1 47. Be4 Ng6 48. Kc2 Rf1 49. Kd3 Rd1+ 50. Ke2 Rd6 51. Ke3 Re6 52. Kd4 Rd6+ 53. Bd5 Rf6 54. g3 h6 55. h4 h5 56. Ra7 Rf1 57.
Ke3 Ne5 58. Ra5 Ng4+ 59. Ke2 Rf2+ 60. Kd3 Rf5 61. Rb5 Rf1 62. Ke2 Rf5 63. Bc4 Rxb5 64.
Bxb5 Kf6 65. Kf3 Kf5 66. Bd7+ Kg6 67. Bxg4 hxg4+ 68. Kxg4 Kh6 69. Kf5 Kg7 70. Kg5 Kg8 71.
Kf6 Kf8 72. h5 Kg8 73. h6 Kh7 74. Kxf7 Kxh6 75. Kf6 Kh5 76. Kf5 Kh6 77. g4 Kh7 78. Kf6 Kh6 79. g5+ Kh7 80. Kf7 Kh8 81. Kg6 Kg8 82.
Kh6 Kh8 83. g6 Kg8 84. g7 Kf7 85. Kh7 1-0

[Event "*** Biggest EVER Titled Tuesday"]
[Site "Chess.com"]
[Date "2018.04.17"]
[Round "1"]
[White "r31415"]
[Black "Margency"]
[Result "1-0"]
[WhiteElo "2240"]
[BlackElo "2546"]
[TimeControl "180+2"]
[EndTime "13:11:05 PDT"]
[Termination "r31415 won by checkmate"]

1. e4 c5 2. Nf3 d6 3. d4 cxd4 4.
Nxd4 Nf6 5. Nc3 a6 6. h3 e6 7.
g4 h6 8. Bg2 g5 9. Be3 Nbd7 10.
Qd2 Ne5 11. b3 Bd7 12. Nde2 Rc8 13. O-O Be7 14. f4 gxf4 15. Nxf4 Qa5 16. Nfe2 b5 17.
Rac1 b4 18. Nd1 Bc6 19. Ng3 Qb5 20. Bxh6 Nfxg4 21. hxg4 Nxg4 22. Bf4 Qc5+ 23. Nf2 e5 24. Bg5 f6 25. Nf5 Bf8 26. Be3 Nxe3 27. Qxe3 Bd7 28.
Qxc5 Rxc5 29. Ng4 Be7 30. Rfd1 Rg8 31. Nge3 Bf8 32. Nxd6+ Bxd6 33. Rxd6 Rc3 34. Re1 Bh3 35. Rd2 Rg3 36. Kf1 Rf3+ 37. Kg1 Rfxe3 38. Rxe3 Rxe3 39. Bxh3 Rxh3 40. Rd6 Kf7 41. Rxa6 Re3 42. a4 bxa3 43. Rxa3 Rxe4 44. c4 Re2 45. Ra6 Rb2 46. Rb6 Kg6 47. c5 Kf5 48. c6 Rc2 49. b4 e4 50. b5 Ke5 51. Rb8 f5 52. Re8+ Kf4 53. Re7 Kg3 54. Kf1 Kf3 55. Ke1 e3 56. Kd1 Rc5 57. c7 e2+ 58. Kd2 Rd5+ 59. Kc2 Rc5+ 60. Kd2 f4 61. b6 Rd5+ 62. Kc2 Rc5+ 63. Kd2 Rd5+ 64. Kc2 Rc5+ 65. Kd3 Rd5+ 66. Kc3 Rd1 67. b7 Rc1+ 68. Kd2 Rxc7 69. Rxc7 Kf2 70. Rc1 f3 71. b8=Q Kg2 72. Qg8+ Kf2 73. Qd5 Kg3 74. Rg1+ Kh2 75. Qd4 e1=Q+ 76.
Kxe1 Kh3 77. Qg4+ Kh2 78. Qg3# 1-0

[Event "*** Biggest EVER Titled Tuesday"]
[Site "Chess.com"]
[Date "2018.04.17"]
[Round "1"]
[White "cheese111"]
[Black "gkchesstiger"]
[Result "0-1"]
[WhiteElo "2411"]
[BlackElo "2802"]
[TimeControl "180+2"]
[EndTime "13:11:15 PDT"]
[Termination "gkchesstiger won by resignation"]

1. e4 c5 2. Nf3 e6 3. g3 d5 4. exd5 exd5 5. d4 Nc6 6. Bg2 cxd4 7. O-O Bc5 8. Nbd2 Bb6 9. Nb3 Bg4 10. Qe1+ Nge7 11. Bf4 O-O 12. Ne5 Nxe5 13. Bxe5 Nc6 14. Bf4 Re8 15. Qd2 Re2 16. Qd1 d3 17. Qxd3 Nb4 18.
Qc3 Nxc2 19. Rac1 Rc8 20. Qd3 Nb4 21. Qb5 Rxc1 22. Nxc1 Rxb2 23. a3 a6 24. Qa4 Nc6 25.
Nd3 Rb5 26. Bc7 Qxc7 27. Qxg4 g6 28. Nf4 Ne5 29. Qe2 Qd6 30. Rd1 d4 31. Bxb7 Ba7 32.
Bg2 Qxa3 33. Re1 d3 34. Qe4 Qc5 35. Rf1 d2 36. Nd3 Nxd3 37. Qxd3 Rb2 38. h4 Qd4 39.
Qxd4 Bxd4 40. Bf3 a5 41. Kg2 a4 42. Ra1 d1=Q 43. Rxd1 Rxf2+ 44. Kh3 Be5 45. Rd3 h5 46. Bc6 Ra2 47. Rf3 a3 48. Bd5 Rd2 49. Bxf7+ Kg7 50.
Bb3 a2 51. Bxa2 Rxa2 52. Re3 Kf6 53. Rf3+ Ke6 54. Re3 Rc2 55. Rf3 Bd4 56. Rd3 Bg1 57.
g4 Bc5 58. Rf3 Bd6 59. Re3+ Kd7 60. gxh5 gxh5 61. Re2 Rc3+ 62. Kg2 Rc4 63. Kh3 Be7 64. Rd2+ Ke6 65. Re2+ Kf7 66. Rf2+ Bf6 67. Kg3 Rg4+ 68. Kh3 Rxh4+ 69. Kg3 Rg4+ 70. Kh3 Kg6 71. Rg2 Kg5 72. Rf2 Bd4 73. Rf3 Kg6 74. Rg3 Kg5 75. Rf3 Re4 76. Rf1 Re3+ 77. Kh2 Be5+ 78. Kg2 Kg4 79. Kh1 Bg3 80. Rg1 Kf3 81. Rf1+ Bf2 82. Kh2 Re4 0-1

[Event "*** Biggest EVER Titled Tuesday"]
[Site "Chess.com"]
[Date "2018.04.17"]
[Round "1"]
[White "RojonR"]
[Black "EvgenyT"]
[Result "0-1"]
[WhiteElo "2418"]
[BlackElo "2812"]
[TimeControl "180+2"]
[EndTime "13:11:20 PDT"]
[Termination "EvgenyT won by resignation"]

1. e4 c6 2. Nc3 d5 3. Qe2 d4 4. Nd1 c5 5. g3 Nc6 6. d3 e5 7. f4 Bd6 8. Nf3 Nge7 9. Bg2 f6 10. Nf2 Be6 11. O-O Qd7 12. c3 O-O-O 13. cxd4 Nxd4 14. Nxd4 cxd4 15. Bd2 Kb8 16. Rfc1 Rc8 17. a3 Qb5 18. fxe5 Bxe5 19. Bf4 Ng6 20. Bxe5+ Nxe5 21. Qd2 a6 22. b4 Qa4 23. Qb2 Rxc1+ 24. Rxc1 Rd8 25.
Bf1 Qb3 26. Qxb3 Bxb3 27. Be2 Rc8 28. Rxc8+ Kxc8 29. Kf1 Kc7 30. Ke1 Kc6 31. Kd2 Kb5 32. Kc1 Ka4 33. Kb2 b6 34. Ng4 Nd7 35. h4 a5 36.
bxa5 bxa5 37. Nh2 Ne5 38. Nf3 Nxf3 39. Bxf3 Be6 40. Bd1+ Kb5 41. Bf3 g5 42. hxg5 fxg5 43. Bh5 Kc5 44. Be2 Bf7 45. Kc1 h5 46. Kd2 h4 47. gxh4 gxh4 48. Bg4 Kd6 49. Ke1 Ke5 50. Kf2 Kf4 51. Bh3 Bb3 52. Bf1 Be6 53. Bg2 h3 54.
Bh1 h2 55. Bg2 Bg4 56. Bh1 Bd7 57. e5 Kxe5 58. Kg3 Bf5 59. Kxh2 Kf4 60. Kg1 Ke3 61. Kf1 Kd2 62. Be4 Bd7 63. Kf2 Bb5 64. Kf3 Bxd3 65. Bd5 Bb5 66. Kf4 Kc3 67. Be4 Bd3 68. Bd5 Bc4 69.
Be4 Bd3 70. Bd5 Bc2 71. Bf3 d3 72. Ke3 d2 73. a4 Bxa4 74. Bd1 Bxd1 0-1

[Event "*** Biggest EVER Titled Tuesday"]
[Site "Chess.com"]
[Date "2018.04.17"]
[Round "1"]
[White "Anar_Aliakbarov"]
[Black "schoolmeester"]
[Result "1-0"]
[WhiteElo "2388"]
[BlackElo "2666"]
[TimeControl "180+2"]
[EndTime "13:11:32 PDT"]
[Termination "Anar_Aliakbarov won by resignation"]

1. d4 Nf6 2. c4 g6 3. Nc3 Bg7 4. e4 d6 5. Nf3 O-O 6. Be2 Nbd7 7. O-O e5 8. Qc2 exd4 9. Nxd4 a6 10. Rd1 Rb8 11.
Bg5 Re8 12. Bf1 h6 13. Bh4 g5 14. Bg3 Ne5 15. Nd5 Nh5 16. Nf5 Bxf5 17. exf5 Nxg3 18.
hxg3 c6 19. Ne3 Qc7 20. Rd2 Rbd8 21. Rad1 h5 22. Be2 g4 23. f6 Bxf6 24. Qf5 Kg7 25. Qxh5 Rh8 26. Qf5 Rh6 27. Nxg4 Nxg4 28. Bxg4 Rdh8 29.
Bh3 Be5 30. c5 Rf6 31. cxd6 Bxd6 32. Qg4+ Rg6 33. Qf3 Rf6 34. Qc3 Be5 35. Qc4 Qb6 36. Qg4+ Rg6 37. Qf5 Bxg3 38. Rd7 Rf8 39. R1d4 Bb8 40.
Rg4 c5 41. Rxg6+ Qxg6 42. Rxb7 Qxf5 43. Bxf5 Be5 44. b3 Bd4 45. Bd3 a5 46. Bc4 Kg6 47. g3 f5 48. Kg2 f4 49. gxf4 Rxf4 50. f3 Rf6 51. Bd3+ Kh6 52. Rh7+ Kg5 53. Be4 Kf4 54. Kf1 Ke3 55. Rh2 Bc3 56. Re2+ Kd4 57. Kg2 Rf8 58. Kg3 a4 59. f4 a3 60. f5 Ke5 61.
Kf3 Kf6 62. Bc2 Rh8 63. Re6+ Kf7 64. Kg3 Rh1 65. Re2 Rg1+ 66. Kf3 Rf1+ 67. Ke4 Bb4 68. Bd3 Rd1 69. Rg2 Re1+ 70. Kd5 Rd1 71. Kc4 Rc1+ 72.
Kb5 Re1 73. Rg6 Bc3 74. Bc4+ Ke7 75. Re6+ Rxe6 76. fxe6 Bb4 77. Kc6 Bc3 78. Kxc5 Be5 79. b4 Kd8 80. b5 Kc7 81. b6+ Kd8 82. Kc6 Bf4 83. Kb7 Be5 84. Ka8 1-0